Map: Jagannatha LE

Players

DPGDark (Dark)

  • Race: Zerg Zerg
  • League: Master

DPGRogue (Rogue) - Winner!

  • Race: Zerg Zerg

Event: ASUS ROG Fall 2021

VOD

Have the link to the VOD?

Description

Time

  • Played on: Sept. 19, 2021, 12:30 p.m.
  • Length: 4:46

All games in this series

Show
View Real Time Build Order
Export as new Build Order

DPGDark Zerg 

Build Orders: Pool First 

Get SALT Encoding   

  12  0:18  Spawning Pool  
  11  0:21  Drone  
  11  0:27  Drone  
  13  0:30  Drone  
  14  0:43  Overlord  
  14  1:05  Zergling x6  
  14  1:07  Extractor  
  16  1:16  Zergling x2  
  17  1:22  Hatchery  
  16  1:28  Zergling x2  
  17  1:38  Zergling x2  
  18  1:48  Zergling x2  
  18  1:51  Queen  
  21  2:08  Metabolic Boost  
  21  2:15  Overlord  
  22  2:22  Zergling x2  
  22  2:37  Zergling x2  
  25  2:44  Zergling x2  
  26  2:52  Zergling x2  
  26  2:57  Zergling x2  
  26  2:58  Zergling x2  
  29  3:01  Zergling x6  
  30  3:07  Zergling x4  
  34  3:24  Zergling x2  
  35  3:33  Zergling x2  
  36  3:37  Zergling x4  
  36  3:45  Overlord  
  36  3:50  Baneling Nest, Drone  
  36  4:04  Zergling x2  
  36  4:10  Zergling x4  
  37  4:18  Zergling x2  
  37  4:22  Zergling x2  
  32  4:25  Zergling x2  
Show
View Real Time Build Order
Export as new Build Order

DPGRogue Zerg - Winner!

Build Orders: Pool First 

Get SALT Encoding   

  12  0:00  Drone  
  13  0:12  Overlord  
  13  0:16  Drone  
  14  0:30  Drone x2  
  14  0:33  Extractor  
  15  0:42  Spawning Pool  
  14  0:46  Drone  
  14  0:49  Drone  
  16  1:07  Drone  
  17  1:20  Hatchery  
  16  1:29  Zergling x4  
  16  1:32  Zergling x2  
  19  1:41  Queen  
  19  1:45  Zergling x2  
  22  1:53  Metabolic Boost  
  22  1:58  Overlord  
  22  2:16  Zergling x2  
  22  2:17  Zergling x2, Queen  
  26  2:25  Zergling x2  
  27  2:32  Zergling x2  
  27  2:35  Zergling x2  
  29  2:42  Zergling x2  
  30  2:44  Zergling x2  
  30  2:49  Zergling x6  
  34  2:54  Overlord  
  34  2:57  Zergling x2  
  35  3:04  Zergling x2  
  36  3:13  Zergling x2  
  36  3:15  Zergling x2  
  38  3:22  Zergling x8  
  42  3:27  Zergling x2  
  42  3:28  Zergling x2  
  44  3:35  Overlord  
  44  3:50  Zergling x2, Baneling Nest  
  44  3:56  Zergling x8  
  44  4:00  Zergling x2  
  48  4:03  Zergling x2  
  48  4:08  Zergling x2  
  50  4:13  Zergling x2  
  52  4:17  Zergling x2  
  52  4:20  Zergling x2  
  52  4:24  Zergling x2  
Tags
 
Add a new tag
Caveats
  • Supply blocks, unpowered buildings, or Contaminate may cause inaccurate times.
  • Supply counts are checked every 10 seconds.